 Dungeon Crawl Stone Soup version 0.31-a0-167-g1c394c0614 (webtiles) character file.

Game seed: 12329947178923667611

134 qw the Chopper (level 5, -1/32 HPs)
             Began as a Gargoyle Fighter on June 14, 2023.
             Slain by Robin
             ... wielding a +2 short sword of freezing
              (5 damage)
             ... on level 4 of the Dungeon.
             The game lasted 00:01:38 (2952 turns).

qw the Chopper (Gargoyle Fighter)                   Turns: 2952, Time: 00:01:39

Health: -1/32      AC: 21    Str: 21    XL:     5   Next: 17%
Magic:  5/5        EV:  7    Int:  9    God:
Gold:   192        SH:  4    Dex:  9    Spells: 4/4 levels left

rFire   . . .        Y - +1 war axe
rCold   . . .        c - +0 buckler
rNeg    + . .        o - +6 chain mail of Beauty {rElec}
rPois   inf          (no helmet)
rElec   +            (no cloak)
rCorr   .            i - +0 pair of gloves
SInv    .            k - +0 pair of boots
Will    .....        (no amulet) Stlth
                     (no ring)
HPRegen 0.25/turn    (no ring)
MPRegen 0.09/turn

%: no passive effects
@: no status effects
A: sickness immunity, AC +4, negative energy resistance 1, electricity
resistance, torment resistance 1, petrification resistance
a: no special abilities


You were on level 4 of the Dungeon.
You visited 1 branch of the dungeon, and saw 4 of its levels.

You collected 192 gold pieces.


Innate Abilities, Weirdness & Mutations

You are immune to sickness and miasma.
Your stone body is resilient. (AC +4)
You are immune to poison.
You resist negative energy. (rN+)
You are resistant to electric shocks. (rElec)
You are resistant to unholy torment.
You are immune to petrification.


   Skills:
 - Level 3.2 Fighting
 + Level 4.7 Axes
 - Level 3.2 Armour
 - Level 3.2 Shields


You had 4 spell levels left.
You didn't know any spells.
Your spell library was empty.

Inventory:

Hand Weapons
 f - a +0 antimagic hammer
 g - a +0 hammer
 Y - a +1 war axe (weapon)
Armour
 c - a +0 buckler (worn)
 i - a +0 pair of gloves (worn)
 k - a +0 pair of boots (worn)
 o - the +6 chain mail of Beauty (worn) {rElec}
   (You found it on level 3 of the Dungeon)

   rElec:     It insulates you from electricity.
Scrolls
 j - a scroll of identify
Potions
 a - a potion of haste
 d - a potion of might
 e - a potion of cancellation
 m - a potion of mutation
 n - a potion of curing

Dungeon Overview and Level Annotations

Branches:
Dungeon (4/15)
 Temple: D:4-7

Altars:

Shops:
D:3 =

Annotations:
D:2 1 runed translucent door, Crazy Yiuf
D:4 Grinder, Robin


Message History

The sling bullet barely misses you. Robin throws the goblin at you!
You hit Robin.
Robin is lightly wounded.
You closely miss the goblin. You hit the goblin.
You hit the goblin but do no damage.
The goblin no longer looks unusually strong.
The goblin hits you but does no damage.
A goblin comes into view. It is wielding a +0 mace.
Grinder says, "Wait up."
Grinder blinks!
The goblin hits you but does no damage. x2
Robin hits you but does no damage.
The goblin shoots a sling bullet.
The sling bullet barely misses you.
The sling bullet hits the goblin!
The goblin dies!
The goblin hits you but does no damage. The goblin barely misses you.
Robin throws the goblin at you!
You hit Robin but do no damage. You closely miss the goblin.
You hit the endoplasm. You slash the goblin!
You kill the goblin!
You hit the goblin.
The goblin unwields a +0 sling.
The goblin wields a +0 club.
The goblin barely misses you. Robin throws the goblin at you!
The goblin barely misses you. The goblin hits you but does no damage.
You block the endoplasm's attack. The goblin hits you but does no damage.
You barely miss the goblin.
The goblin is severely wounded.
You slash Robin! You slash the goblin!
You kill the goblin!
You hit the endoplasm. You hit the goblin.
You kill the goblin!
Robin hits you but does no damage. x2; The goblin hits you with a +0 dagger.
You block the endoplasm's attack. Robin hits you but does no damage.
You hit the goblin.
You kill the goblin!
You closely miss Robin. You barely miss the endoplasm.
The endoplasm freezes you.
You are frozen.
Robin hits you but does no damage. The endoplasm freezes you.
You are frozen.
Robin hits you with a +2 short sword of freezing.
You die...

. ... ..# ######
#.# ....# ##.#
#..## ##..#
#..######...#
#)).........###
#@).#####.....####
......gJ###
##<.......
.......5#
#...#....
........#
#..#.....
....!....
#........
.........
#........
.........
.........
.......##.
..........
...........


You could see Grinder, Robin (fast) and an endoplasm.

Vanquished Creatures
  4 adders
  2 worms
  2 dart slugs (D:1)
  4 ball pythons
  8 endoplasms
  4 giant cockroaches
  17 goblins
  7 hobgoblins
  2 jackals (D:2)
  4 bats
  3 frilled lizards
  14 kobolds
  10 rats
81 creatures vanquished.

Vanquished Creatures (others)
  A goblin (D:4)
1 creature vanquished.

Grand Total: 82 creatures vanquished

Notes
Turn   | Place    | Note
-------+----------+-------------------------------------------
     0 | D:1      | qw the Gargoyle Fighter began the quest for the Orb.
     0 | D:1      | Reached XP level 1. HP: 14/14 MP: 1/1
     0 | D:1      | 0 ||| qw: Version: 0.2-a-29-g1fa15c8
     0 | D:1      | 0 ||| qw: Game counter: 4876
     0 | D:1      | 0 ||| qw: Always use a shield: true
     0 | D:1      | 0 ||| qw: God list: Okawaru
     0 | D:1      | 0 ||| qw: Allow faded altars: false
     0 | D:1      | 0 ||| qw: Do Orc after D:15 true
     0 | D:1      | 0 ||| qw: Do second Lair branch before Depths: true
     0 | D:1      | 0 ||| qw: Lair rune preference: random
     0 | D:1      | 0 ||| qw: Plans: Normal, Zot:1-4, Slime:5, God:TSO, Crypt,
                  | Tomb, Abyss, Pan, Hells, Win
     0 | D:1      | 0 ||| PLANNING D:1-11
   181 | D:1      | Reached skill level 2 in Axes
   266 | D:1      | Reached XP level 2. HP: 19/19 MP: 2/2
   300 | D:1      | 300 ||| Stepping ~*~*~tactically~*~*~ (stealth).
   301 | D:1      | 301 ||| Stepping ~*~*~tactically~*~*~ (stealth).
   302 | D:1      | 302 ||| Stepping ~*~*~tactically~*~*~ (stealth).
   317 | D:1      | 317 ||| DROPPING +0 club.
   327 | D:1      | 327 ||| Stepping ~*~*~tactically~*~*~ (hiding).
   380 | D:1      | 380 ||| Stepping ~*~*~tactically~*~*~ (stealth).
   486 | D:1      | Reached skill level 3 in Axes
   493 | D:1      | Reached XP level 3. HP: 21/23 MP: 3/3
   583 | D:1      | 583 ||| Stepping ~*~*~tactically~*~*~ (hiding).
   961 | D:1      | 961 ||| DROPPING amulet of magic regeneration.
   962 | D:1      | 962 ||| READING 3 scrolls labelled VOVEIG HAYZ.
   963 | D:1      | 963 ||| READING scroll labelled FIATEIBOFA.
   964 | D:1      | 964 ||| READING 2 scrolls labelled PASHRE HUOGGUAKK.
   965 | D:1      | 965 ||| DRINKING 2 sedimented blue potions.
   966 | D:1      | 966 ||| DROPPING 2 scrolls of blinking.
  1144 | D:2      | Found a runed translucent door.
  1145 | D:2      | 1145 ||| DROPPING +0 whip.
  1146 | D:2      | Noticed Crazy Yiuf
  1360 | D:2      | Reached XP level 4. HP: 24/28 MP: 4/4
  1391 | D:2      | 1391 ||| Stepping ~*~*~tactically~*~*~ (stealth).
  1392 | D:2      | 1392 ||| Stepping ~*~*~tactically~*~*~ (stealth).
  1393 | D:2      | 1393 ||| Stepping ~*~*~tactically~*~*~ (stealth).
  1394 | D:2      | 1394 ||| Stepping ~*~*~tactically~*~*~ (stealth).
  1399 | D:2      | Reached skill level 4 in Axes
  1777 | D:2      | 1777 ||| UPGRADING to +0 pair of gloves.
  1782 | D:2      | 1782 ||| UPGRADING to +0 pair of boots.
  1787 | D:2      | 1787 ||| READING 5 scrolls of identify.
  1787 | D:2      | 1787 ||| IDENTIFYING fuming sapphire potion
  1788 | D:2      | 1788 ||| READING 4 scrolls of identify.
  1788 | D:2      | 1788 ||| IDENTIFYING fizzy blue potion
  1789 | D:2      | 1789 ||| READING 3 scrolls of identify.
  1789 | D:2      | 1789 ||| IDENTIFYING glowing brown potion
  1790 | D:2      | 1790 ||| READING 2 scrolls of identify.
  1790 | D:2      | 1790 ||| IDENTIFYING puce potion
  1791 | D:2      | 1791 ||| DROPPING potion of degeneration.
  1792 | D:2      | 1792 ||| DROPPING potion of brilliance.
  2127 | D:3      | Identified the +6 chain mail of Beauty {rElec}
  2189 | D:3      | Found Kicheen's Jewellery Emporium.
  2197 | D:3      | 2197 ||| SHOPLISTING amulet of regeneration (420 gold, have
                  | 155).
  2197 | D:3      | 2197 ||| SHOPLISTING ring "Dinocsil" {+Blink rF+ Will+
                  | Str+6 Int+3} (908 gold, have 155).
  2197 | D:3      | 2197 ||| SHOPLISTING ring of positive energy (280 gold,
                  | have 155).
  2197 | D:3      | 2197 ||| SHOPLISTING ring of resist corrosion (280 gold,
                  | have 155).
  2197 | D:3      | 2197 ||| SHOPLISTING ring of willpower (350 gold, have
                  | 155).
  2473 | D:3      | 2473 ||| Stepping ~*~*~tactically~*~*~ (hiding).
  2755 | D:3      | 2755 ||| UPGRADING to +6 chain mail of Beauty {rElec}.
  2765 | D:3      | 2765 ||| DROPPING +0 scale mail.
  2766 | D:3      | 2766 ||| READING scroll labelled FUIGEPHE PECA.
  2867 | D:3      | 2867 ||| READING scroll labelled ASOANA GUSONTEJA.
  2868 | D:3      | 2868 ||| READING 2 scrolls labelled VEBIDISOAM.
  2869 | D:3      | 2869 ||| READING scroll labelled AKOSOA VICW.
  2870 | D:3      | 2870 ||| READING 2 scrolls of identify.
  2870 | D:3      | 2870 ||| IDENTIFYING white potion
  2871 | D:3      | 2871 ||| DROPPING scroll of noise.
  2927 | D:4      | Noticed Grinder
  2928 | D:4      | 2928 ||| Stepping ~*~*~tactically~*~*~ (hiding).
  2930 | D:4      | 2930 ||| Stepping ~*~*~tactically~*~*~ (hiding).
  2935 | D:4      | Noticed Robin
  2943 | D:4      | HP: 7/28 [goblin/+0 dagger[Robin] (3)]
  2944 | D:4      | Reached XP level 5. HP: 9/32 MP: 5/5
  2951 | D:4      | HP: 8/32 [goblin/+0 dagger[Robin] (1)]
  2952 | D:4      | Slain by Robin

Levels and vault maps discovered:
D:1:      onia_arrival_pyramid, layout_loops_ring, minmay_pentomino_u4
D:2:      layout_loops_cross, hangedman_decor_growths, uniq_crazy_yiuf_cottage
D:3:      layout_basic, serial_shops, shop, lexackson_kobold_supper
D:4:      layout_layer_cave, uniq_menkaure, uniq_robin, uniq_grinder

Skill      XL: |  1  2  3  4 |
---------------+-------------+-----
Axes           | 2 3 4 |  4.7
Fighting       | |  3.2
Armour         | |  3.2
Shields        | |  3.2

Action                     |  1- 3 |  4- 6 || total
---------------------------+-------+-------++-------
  Melee: War axe           |   114 |   104 ||   218
    Use: Scroll            |     3 |     9 ||    12
         Potion            |     1 |       ||     1
 Armour: Scale mail        |    53 |    16 ||    69
         Chain mail        |       |    38 ||    38
  Dodge: Dodged            |    41 |    31 ||    72
  Block: Buckler           |    16 |    12 ||    28

Table legend:
 A = Non-vault XP
 B = Vault XP
 C = Vault XP percentage of total XP
 D = Non-vault monster count
 E = Vault monster count
 F = Vault count percentage of total count
                 A         B        C        D         E       F
            +---------+---------+-------+---------+---------+-------
      Total |     153 |      41 |  21.1 |      59 |      23 |  28.0
            +---------+---------+-------+---------+---------+-------
        D:1 |      43 |       9 |  17.3 |      25 |       4 |  13.8
        D:2 |      64 |       0 |   0.0 |      15 |       0 |   0.0
        D:3 |      26 |      11 |  29.7 |      14 |       8 |  36.4
        D:4 |      20 |      21 |  51.2 |       5 |      11 |  68.8
            +---------+---------+-------+---------+---------+-------
